 Dungeon Crawl Stone Soup version 0.17-a0-1849-g8a24fa2 (webtiles) character file.

0 Ololoev the Ducker (level 1, -6/11 HPs)
             Began as a Spriggan Abyssal Knight on Sept 18, 2015.
             Was a Follower of Lugonu.
             Mangled by a neqoxec (13 damage)
             ... on level 4 of the Abyss.
             The game lasted 00:03:32 (291 turns).

Ololoev the Ducker (Spriggan Abyssal Knight)         Turns: 291, Time: 00:03:32

Health: -6/11      AC:  2    Str: 13    XL:     1   Next: 0%
Magic:  3/3        EV: 18    Int: 13    God:    Lugonu [*.....]
Gold:   44         SH:  0    Dex: 15    Spells: 0 memorised, 0 levels left

rFire  . . .     SeeInvis +     a - +2 spear
rCold  . . .     Clarity  .     b - +0 robe
rNeg   . . .     SustAt   .     (shield restricted)
rPois  .         Gourm    .     (helmet restricted)
rElec  .         Spirit   .     (no cloak)
rCorr  .         Warding  .     (gloves unavailable)
rMut   .         Stasis   .     (boots unavailable)
MR     .....                    (no amulet)
Stlth  +.........               (no ring)
                                (no ring)

@: mighty, very quick, not resistant to hostile enchantments, very unstealthy
A: unfitting armour, see invisible, herbivore 3, speed 3, slow metabolism 2,
MP-powered wands
a: Depart the Abyss, Renounce Religion


Innate Abilities, Weirdness & Mutations

You are tiny and cannot use many weapons and most armour.
You have supernaturally acute eyesight.
You are a herbivore.
You cover ground extremely quickly.
You need consume almost no food.
You expend magic power (3 MP) to strengthen your wands.

Inventory:

Hand weapons
 a - a +2 spear (weapon)
Armour
 b - a +0 robe (worn)
Scrolls
 e - a scroll of noise {unknown}
Potions
 h - 3 potions of curing
Comestibles
 c - a bread ration
 f - a royal jelly


   Skills:
 - Level 2.4 Fighting
 * Level 1.3 Polearms
 + Level 3.5 Dodging
 - Level 1.7 Invocations


You couldn't memorise any spells.
You didn't know any spells.


You were on level 4 of the Abyss.
You worshipped Lugonu.
Lugonu was aware of your devotion.
You were not hungry.

You visited 0 branches of the dungeon, and saw 0 of its levels.
You visited the Abyss 1 time.

You collected 44 gold pieces.

## # ## .. #. #3
.##.. § ...#.
.#....#
###...####
#####.3.###..##
#....@# .......
#...##.......##.
..# #.#..#.##...
..#....# # .
....##..#..# ..
#... #.##... .#
##.# #....#...#
#. ##..##.#.
#∩.##.#.#.

Notes
Turn   | Place    | Note
--------------------------------------------------------------
     0 | Abyss:1  | Ololoev the Spriggan Abyssal Knight began the quest for the Orb.
     0 | Abyss:1  | Reached XP level 1. HP: 11/11 MP: 3/3
    70 | Abyss:2  | Noticed a green death
   135 | Abyss:3  | Noticed an ancient zyme
   144 | Abyss:3  | Noticed an iron imp
   160 | Abyss:3  | Noticed a bone dragon
   160 | Abyss:3  | Noticed a starcursed mass
   184 | Abyss:3  | Noticed a small abomination
   191 | Abyss:3  | Noticed a tentacled starspawn
   191 | Abyss:3  | Noticed a tentacled starspawn
   201 | Abyss:3  | Noticed a tentacled starspawn
   212 | Abyss:3  | Noticed a dire elephant zombie
   233 | Abyss:3  | Noticed a spatial maelstrom
   236 | Abyss:3  | Noticed a quasit
   248 | Abyss:3  | Noticed a flying skull
   248 | Abyss:3  | Killed a chaos spawn
   282 | Abyss:4  | Noticed a neqoxec
   288 | Abyss:4  | Gained mutation: You expend magic power (3 MP) to strengthen your wands. [a neqoxec]
   291 | Abyss:4  | Mangled by a neqoxec

Dungeon Overview and Level Annotations

Branches:
Dungeon (0/15)

Altars:


Message History

h - 4 ruby potions (gained 1)
e - a scroll labeled QASIJU GESIMO
There is a gateway leading out of the Abyss here.
Found a gateway leading out of the Abyss.
Drink which item? (? for menu, Esc to quit)
It was a potion of curing.
You feel better.
The neqoxec shouts!
Drink which item? (? for menu, Esc to quit)
You feel very mighty all of a sudden.
Attack whom?
Press: ? - help, Dir - move target cursor, f - neqoxec
Aim: a neqoxec You reach to attack!
You miss the neqoxec.
Attack whom?
Press: ? - help, Dir - move target cursor, f/p - neqoxec
Aim: a neqoxec You closely miss the neqoxec.
The neqoxec gestures at you.
Strange energies course through your body.
You feel your magical essence link to your wands.
Attack whom?
Press: ? - help, Dir - move target cursor, f/p - neqoxec
Aim: a neqoxec You puncture the neqoxec!
The neqoxec is moderately wounded.
The neqoxec hits you.
Attack whom?
Press: ? - help, Dir - move target cursor, f/p - neqoxec
Aim: a neqoxec (moderately wounded)
You puncture the neqoxec!
The neqoxec is severely wounded.
The neqoxec hits you.
Attack whom?
Press: ? - help, Dir - move target cursor, f/p - neqoxec
Aim: a neqoxec (severely wounded)
You hit the neqoxec.
The neqoxec is almost dead.
The neqoxec hits you!
Ouch! That really hurt!
You die...

You could see a neqoxec.

Vanquished Creatures (others)
  A chaos spawn (Abyss:3)
  4 starspawn tentacles (Abyss:3)
5 creatures vanquished.

Action                   || total
-------------------------++-------
Melee: Spear             ||     8
  Use: Scroll            ||     2
       Potion            ||     2

Vault maps used:
Abyss:3:  bh_abyss_exit_grid, evilmike_abyss_rune_seething_chaos
Abyss:4:  due_abyss_rune, evilmike_abyss_exit_7
